Map: Divergence CE

Players

Ekelpack

  • Race: Zerg Zerg
  • Spawn Location: 5:00

Nyck

  • Race: Terran Terran
  • League: Silver
  • Spawn Location: 5:00

IIIIIIIllll - Winner!

  • Race: Zerg Zerg
  • League: Diamond
  • Spawn Location: 11:00

FlawlessMinD - Winner!

  • Race: Terran Terran
  • League: Platinum
  • Spawn Location: 11:00

VOD

Have the link to the VOD?

Description

Time

  • Played on: Oct. 29, 2024, 3:46 p.m.
  • Length: 4:23
Show
View Real Time Build Order
Export as new Build Order

Ekelpack Zerg 

Build Orders: Hatch First 

Get SALT Encoding   

  12  0:00  Drone  
  13  0:13  Overlord  
  13  0:19  Drone  
  14  0:32  Drone  
  15  0:50  Drone  
  15  0:51  Hatchery  
  15  1:05  Spawning Pool  
  15  1:08  Drone  
  15  1:10  Extractor  
  14  1:13  Drone  
  14  1:18  Drone  
  16  1:23  Drone  
  17  1:31  Drone  
  18  1:40  Drone  
  19  1:51  Queen  
  19  1:52  Drone  
  22  2:02  Queen  
  22  2:06  Drone  
  25  2:12  Drone  
  26  2:16  Overlord  
  26  2:19  Drone  
  27  2:25  Drone  
  28  2:31  Lair  
  28  2:37  Drone x2  
  28  2:38  Extractor  
  29  2:45  Drone x2  
  29  2:48  Drone  
  32  2:53  Extractor  
  31  3:05  Zergling x8  
  28  3:21  Zergling x2  
  25  3:32  Zergling x2  
  18  3:43  Zergling x2  
  18  3:46  Zergling x6  
  18  3:47  Zergling x4  
Show
View Real Time Build Order
Export as new Build Order

Nyck Terran 

Build Orders:  

Get SALT Encoding   

  12  0:00  SCV  
  13  0:12  SCV  
  14  0:18  Supply Depot  
  14  0:24  SCV  
  15  0:39  SCV  
  15  0:41  Barracks  
  16  0:51  SCV  
  17  1:06  SCV  
  18  1:18  Command Center  
  18  1:20  SCV  
  19  1:32  Refinery  
  19  1:34  Orbital Command  
  19  1:45  Refinery  
  19  1:47  Marine  
  20  1:55  Supply Depot  
  20  2:02  SCV  
  21  2:14  SCV  
  22  2:19  Barracks  
  22  2:22  Barracks Reactor  
  22  2:26  SCV  
  23  2:31  Orbital Command  
  23  2:38  SCV  
  24  2:49  Factory  
  24  2:50  SCV  
  25  3:02  SCV  
  25  3:05  Reaper x2  
  28  3:07  Marine  
  28  3:11  Bunker  
  29  3:26  Reaper  
  30  3:33  Hellion  
  22  4:07  SCV  
Show
View Real Time Build Order
Export as new Build Order

IIIIIIIllll Zerg - Winner!

Build Orders: Hatch First 

Get SALT Encoding   

  12  0:02  Drone  
  13  0:10  Drone  
  14  0:16  Drone, Extractor  
  15  0:22  Overlord  
  15  0:44  Drone x2  
  15  0:45  Drone  
  18  0:58  Drone  
  18  0:59  Hatchery  
  18  1:04  Extractor  
  17  1:08  Drone  
  18  1:19  Spawning Pool  
  18  1:20  Drone  
  18  1:28  Overlord  
  18  1:39  Drone  
  19  1:50  Drone  
  20  2:06  Queen, Metabolic Boost  
  22  2:08  Zergling x2  
  22  2:11  Queen  
  22  2:13  Drone, Zergling x2  
  27  2:23  Drone  
  27  2:24  Drone  
  29  2:39  Overlord  
  29  2:44  Drone, Zergling x4  
  29  2:48  Evolution Chamber  
  31  2:53  Overlord  
  31  3:00  Zergling x2  
  31  3:05  Zergling x2  
  33  3:09  Zergling x2  
  34  3:16  Zergling x2  
  34  3:17  Drone  
  35  3:21  Drone  
  35  3:23  Zergling x2  
  37  3:31  Zergling x2  
  37  3:32  Zergling x2  
  38  3:34  Drone  
  38  3:35  Drone  
  38  3:37  Drone  
  38  3:40  Baneling Nest  
  39  3:41  Zergling x2  
  40  3:50  Drone  
  40  3:51  Zergling x2  
  41  3:58  Zergling x2  
  41  4:01  Zergling x2  
  42  4:03  Drone  
Show
View Real Time Build Order
Export as new Build Order

FlawlessMinD Terran - Winner!

Build Orders:  

Get SALT Encoding   

  12  0:02  SCV  
  13  0:14  SCV  
  14  0:26  SCV  
  14  0:27  Supply Depot  
  15  0:44  Refinery  
  15  0:49  SCV, Barracks  
  16  0:54  Refinery  
  16  1:01  SCV  
  17  1:08  Barracks  
  17  1:13  SCV  
  18  1:29  Barracks  
  18  1:33  SCV  
  19  1:45  Orbital Command  
  19  1:57  Reaper x2  
  21  2:17  Supply Depot, Reaper  
  21  2:20  SCV  
  23  2:29  Reaper x2  
  25  2:43  Supply Depot  
  25  2:49  SCV, Reaper  
  27  3:01  SCV, Reaper x2  
  30  3:21  Reaper  
  31  3:33  Reaper x2  
Tags
 
Add a new tag
Caveats
  • Supply blocks, unpowered buildings, or Contaminate may cause inaccurate times.
  • Supply counts are checked every 10 seconds.